 Dungeon Crawl Stone Soup version 0.26.0-10-g1f06aea511 (webtiles) character file.

Game seed: 6179023004483806887

3460 septik the Cleaver (level 9, -10/82 HPs)
             Began as a Minotaur Berserker on Jan 24, 2021.
             Was a High Priest of Trog.
             Killed from afar by an electric eel (12 damage)
             ... with a bolt of electricity
             ... on level 8 of the Dungeon.
             The game lasted 00:15:09 (6573 turns).

septik the Cleaver (Minotaur Berserker)             Turns: 6573, Time: 00:15:09

Health: -10/82     AC: 13    Str: 25    XL:     9   Next: 78%
Magic:  8/8        EV: 11    Int:  4    God:    Trog [*****.]
Gold:   383        SH:  5    Dex: 10    Spells: 8/8 levels left

rFire    . . .     SeeInvis .   l - +0 war axe
rCold    . . .     Faith    .   (no shield)
rNeg     . . .     Spirit   .   f - +0 chain mail
rPois    .         Reflect  +   (helmet restricted)
rElec    .         Harm     .   (no cloak)
rCorr    .         Rampage  .   b - +1 pair of gloves
Will     .....                  (no boots)
Stlth    ..........             p - amulet of reflection
HPRegen  0.23/turn              (no ring)
MPRegen  0.11/turn              (no ring)

@: no status effects
A: retaliatory headbutt, horns 2
a: Renounce Religion, Berserk, Trog's Hand, Brothers in Arms


You were on level 8 of the Dungeon.
You worshipped Trog.
Trog was extremely pleased with you.
You visited 1 branch of the dungeon, and saw 7 of its levels.
You also visited: Sewer.

You collected 383 gold pieces.

Inventory:

Hand Weapons
 a - a +0 hand axe
 l - a +0 war axe (weapon)
 H - a +0 hunting sling of freezing
Missiles
 d - 148 stones
 e - a throwing net
Armour
 b - a +1 pair of gloves (worn)
 f - a +0 chain mail (worn)
 m - a +0 buckler
Jewellery
 p - an amulet of reflection (around neck)
 z - a +4 ring of evasion {unknown}
 B - an uncursed ring of willpower {unknown}
 D - an uncursed ring of protection from fire {unknown}
Wands
 i - a wand of acid (11)
 r - a wand of paralysis (15)
Scrolls
 c - 3 scrolls of remove curse
 g - 3 scrolls of enchant armour
 h - 8 scrolls of identify
 k - 4 scrolls of teleportation
 v - 2 scrolls of fear {unknown}
 w - a scroll of fog {unknown}
 x - a scroll of blinking {unknown}
 y - a scroll of acquirement {unknown}
 E - a scroll of random uselessness {unknown}
Potions
 j - 2 potions of flight {unknown}
 n - 4 potions of curing
 o - a potion of magic {unknown}
 q - 2 potions of mutation {unknown}
 s - 3 potions of brilliance {unknown}
 t - 3 potions of haste {unknown}
 u - a potion of ambrosia {unknown}
 A - a potion of might {unknown}
 C - a potion of invisibility {unknown}
 F - a potion of attraction {unknown}
 G - a potion of lignification {unknown}


   Skills:
 + Level 8.4 Fighting
 * Level 11.0 Axes
 + Level 7.9 Armour
 + Level 7.1 Dodging


You had 8 spell levels left.
You didn't know any spells.
Your spell library was empty.

Dungeon Overview and Level Annotations

Branches:
Dungeon (6/15)               Lair (0/6) D:8           Sewer (visited)
 Temple: D:4-7

Altars:
Ashenzari
Trog
Uskayaw

Shops:
D:8 *


Innate Abilities, Weirdness & Mutations

You reflexively headbutt those who attack you in melee.
You have a pair of horns on your head.


Message History

You enter the shallow water.
Moving in this stuff is going to be slow.
The electric eel shoots out a bolt of lightning at you!
The bolt of electricity hits you!
* * * LOW HITPOINT WARNING * * *
The electric eel shoots out a bolt of lightning at you!
The bolt of electricity misses you.
The electric eel shoots out a bolt of lightning at you!
The bolt of electricity hits you!
* * * LOW HITPOINT WARNING * * *
The electric eel shoots out a bolt of lightning at you!
The bolt of electricity hits you.
* * * LOW HITPOINT WARNING * * *
The electric eel shoots out a bolt of lightning at you!
The bolt of electricity misses you.
The electric eel shoots out a bolt of lightning at you!
The bolt of electricity misses you.
The electric eel shoots out a bolt of lightning at you!
The bolt of electricity hits you!
You die...

############ ...........#
...........# ≈≈..≈≈.....##
≈≈≈≈≈≈≈≈....# #######
≈≈≈≈≈≈≈≈≈...# #.....#
≈..≈...≈≈≈≈.....@###.###.#
≈≈...≈≈≈≈≈≈≈≈≈.......†.#.#
≈..>............#.##.#.#.#
≈≈....≈$≈≈≈≈≈≈..#.##.#.#.#
≈.≈≈≈≈..;;≈≈≈≈..#.##.....#
≈≈≈≈≈≈≈≈≈≈≈≈≈...#.####.###
≈≈≈≈≈≈≈≈≈.≈≈≈.....# #.#
≈≈≈≈≈≈≈≈≈..≈≈...### #.#
≈≈≈≈≈≈≈....≈.... #.#######


You could see an electric eel.

Vanquished Creatures
  An ugly thing (D:8)
  A troll (D:8)
  Grinder (D:5)
  A water moccasin (D:6)
  Purgy (Sewer)
  2 black bears (D:6)
  An ice beast (D:6)
  A phantom (D:6)
  A sky beast (D:4)
  4 ogres
  2 centaurs (D:6)
  The ghost of p0werm0de the Skirmisher, an amateur BaCK of Xom (D:3)
  2 wolves (D:8)
  2 bullfrogs (D:6)
  2 scorpions (D:8)
  An electric eel (D:8)
  4 hounds (D:8)
  3 orc priests
  6 orc wizards
  2 bullfrog skeletons
  A centaur skeleton (D:4)
  3 iguanas
  3 worker ants
  A hound skeleton (D:6)
  2 howler monkey skeletons
  3 gnolls (D:4)
  10 adders
  A shadow imp (D:5)
  A white imp (D:8)
  4 ufetubi
  An ooze (D:3)
  An adder skeleton (D:4)
  9 worms
  7 dart slugs
  A leopard gecko (D:1)
  24 orcs
  6 bats
  6 giant cockroaches
  7 goblins
  12 hobgoblins
  10 jackals
  3 quokkas
  2 ball pythons
  9 frilled lizards
  10 kobolds
  A quokka skeleton (D:4)
  2 rats
179 creatures vanquished.

Notes
Turn   | Place    | Note
-------+----------+-------------------------------------------
     0 | D:1      | septik the Minotaur Berserker began the quest for the Orb.
     0 | D:1      | Reached XP level 1. HP: 19/19 MP: 0/0
   145 | D:1      | Reached XP level 2. HP: 24/27 MP: 1/1
   164 | D:1      | Reached skill level 4 in Axes
   773 | D:2      | Reached XP level 3. HP: 33/33 MP: 2/2
  1132 | D:2      | Reached XP level 4. HP: 40/40 MP: 3/3
  1153 | D:2      | Reached ** piety under Trog
  1677 | D:3      | Reached skill level 5 in Axes
  1962 | D:3      | Noticed p0werm0de's ghost (amateur BaCK)
  1963 | D:3      | Found a runed translucent gate.
  1963 | D:3      | Found a runed translucent gate.
  1963 | D:3      | Found a runed translucent gate.
  2009 | D:3      | Reached XP level 5. HP: 47/47 MP: 4/4
  2010 | D:3      | Killed p0werm0de's ghost
  2304 | D:3      | Found a bloodstained altar of Trog.
  2539 | D:4      | Reached XP level 6. HP: 22/55 MP: 5/5
  2772 | D:4      | Reached skill level 5 in Fighting
  2776 | D:4      | Reached skill level 6 in Axes
  2777 | D:4      | Reached *** piety under Trog
  2838 | D:4      | Reached XP level 7. HP: 43/61 MP: 6/6
  3016 | D:4      | Reached skill level 7 in Axes
  3049 | D:4      | Reached skill level 5 in Armour
  3114 | D:4      | Found a glowing drain.
  3123 | Sewer    | Entered a sewer
  3220 | Sewer    | Noticed Purgy
  3239 | Sewer    | Killed Purgy
  3246 | Sewer    | Reached **** piety under Trog
  3584 | D:5      | Entered Level 5 of the Dungeon
  4069 | D:5      | Reached XP level 8. HP: 67/70 MP: 7/7
  4076 | D:5      | Reached skill level 5 in Dodging
  4185 | D:5      | Reached skill level 8 in Axes
  4255 | D:5      | Noticed Grinder
  4268 | D:5      | Killed Grinder
  4742 | D:6      | Reached skill level 9 in Axes
  4798 | D:6      | Found a hide-covered altar of Uskayaw.
  5168 | D:6      | Reached XP level 9. HP: 49/79 MP: 8/8
  5597 | D:6      | You fall into a shaft and drop 2 floors!
  5597 | D:8      | Found Codease's Island Escapes.
  5604 | D:8      | Reached skill level 10 in Axes
  5688 | D:8      | Found a broken altar of Ashenzari.
  5723 | D:8      | Reached ***** piety under Trog
  5888 | D:8      | Noticed a white ugly thing
  5900 | D:8      | Killed a white ugly thing
  6239 | D:8      | Found a staircase to the Lair.
  6531 | D:8      | Noticed a troll
  6547 | D:8      | Killed a troll
  6548 | D:8      | Reached skill level 11 in Axes
  6571 | D:8      | HP: 2/82 [electric eel/bolt of electricity (3)]
  6573 | D:8      | Killed from afar by an electric eel

Illustrated notes

Levels and vault maps discovered:
D:1:      beargit_arrival_greenhouse, layout_basic
D:2:      layout_basic, grunt_ministairs_1, minmay_door_square
D:3:      layout_basic, gammafunk_ghost_split, trog_book
D:4:      layout_gridville, cheibrodos_sewer_entry_bend
D:5:      layout_basic, uniq_grinder
D:6:      layout_loops_cross, general_overflow_altar, basic_altar
D:8:      layout_loops_cross, lemuel_coloured_pillars_altar, erik_lair_island,
          nicolae_island_escapes

Skill      XL: |  1  2  3  4  5  6  7  8  9 |
---------------+----------------------------+-----
Axes           | 4 5 6 7 9 11 | 11.0
Fighting       | 4 5 6 7 8 |  8.4
Armour         | 3 4 5 6 7 |  7.9
Dodging        | 3 4 6 7 |  7.1

Action                   |  1- 3 |  4- 6 |  7- 9 || total
-------------------------+-------+-------+-------++-------
Melee: Hand axe          |    60 |       |       ||    60
       Headbutt          |    17 |    21 |    50 ||    88
       War axe           |     4 |   131 |   236 ||   371
Invok: Berserk           |       |     2 |     4 ||     6
  Use: Scroll            |       |     6 |     1 ||     7
Armor: Animal skin       |     3 |       |       ||     3
       Chain mail        |    22 |    66 |   111 ||   199
Dodge: Dodged            |    30 |    51 |   120 ||   201
Block: Other             |       |    21 |    52 ||    73
       Reflection        |       |     4 |       ||     4
